 Dungeon Crawl Stone Soup version 0.31.0-9-g3a7656b989 (webtiles) character file.

Game seed: 12547501416347102265

246176 thirtiethelement the Peltast (level 18, -13/149 HPs)
             Began as a Demonspawn Berserker on Jan 23, 2024.
             Was the Champion of Trog.
             Shot with a bolt by a yaktaur (21 damage)
             ... led by a yaktaur captain
             ... on level 1 of the Vaults on Jan 24, 2024.
             The game lasted 02:07:18 (37222 turns).

thirtiethelement the Peltast (DsBe)                Turns: 37222, Time: 02:07:19

Health: -13/149    AC: 26    Str: 27    XL:     18   Next: 78%
Magic:  0/16       EV:  9    Int: 10    God:    Trog [******]
Gold:   460        SH: 14    Dex: 12    Spells: 17/17 levels left

rFire   + + +        P - +7 demon whip (flame)
rCold   x . .        c - +0 kite shield {reflect}
rNeg    . . .        z - +7 plate armour of Ykhlich {Rampage rF++ rC- Slay+4}
rPois   +            q - +1 hat
rElec   +            (cloak unavailable)
rCorr   .            b - +0 pair of gloves "Niotuc" {Regen+ Dex+2}
SInv    .            (boots unavailable)
Will    +++..        i - amulet of the Grey Skies {Spirit rElec rF++ Str+2} Stlth
                     S - ring of poison resistance
HPRegen 2.24/turn    d - ring "Vurum" {Fly Str+3 Dex-4}
MPRegen 0.15/turn

%: reflection, guardian spirit, rampage
@: lethally poisoned (-13 -> -19), strong-willed, corroded, flying,
regenerating, studying 3 skills, invisible
A: hooves 3, horns 1, icemail 1, condensation shield, demonic magic 1, weakness
stinger 3, iridescent scales 2, low MP 1
}: 2/15 runes: decaying, serpentine
a: Renounce Religion, Berserk, Trog's Hand, Brothers in Arms


You were on level 1 of the Vaults.
You worshipped Trog.
Trog was exalted by your worship.
You visited 7 branches of the dungeon, and saw 32 of its levels.
You also visited: Ossuary, Bailey, Ice Cave and Volcano.

You collected 4041 gold pieces.
You spent 3581 gold pieces at shops.

Inventory:

Hand Weapons
 v - the +8 arc blade {discharge, rElec}
   (You took it off a deep elf zephyrmancer on level 12 of the Dungeon)

   rElec:     It insulates you from electricity.
 A - the +6 broad axe of Armageddon {heavy, *Corrode Fly rF+ MP+9}
   (You bought it in a shop on level 2 of the Orcish Mines)

   rF+:       It protects you from fire.
   MP+9:      It affects your magic capacity (+9).
   Fly:       It grants you flight.
   *Corrode:  It may corrode you when you take damage.
 P - a +7 demon whip of flaming (weapon)
Missiles
 e - 31 poisoned darts
 k - 13 boomerangs (quivered)
 L - 3 throwing nets
Armour
 a - a +2 crystal plate armour of cold resistance
 b - the +0 pair of gloves "Niotuc" (worn) {Regen+ Dex+2}
   (You found it on level 3 of the Swamp)

   Dex+2:     It affects your dexterity (+2).
   Regen+:    It increases your rate of health regeneration.
 c - a +0 kite shield of reflection (worn)
 n - a +3 leather armour of resistance
 q - a +1 hat (worn)
 z - the +7 plate armour of Ykhlich (worn) {Rampage rF++ rC- Slay+4}
   (You bought it in a shop on level 2 of the Orcish Mines)

   Slay+4:    It affects your accuracy & damage with ranged weapons and melee
   (+4).
   rF++:      It greatly protects you from fire.
   rC-:       It makes you vulnerable to cold.
   Rampage:   It bestows one free step when moving towards enemies.
 I - a +2 tower shield
Jewellery
 d - the ring "Vurum" (right hand) {Fly Str+3 Dex-4}
   (You found it on level 13 of the Dungeon)

   [ring of flight]

   Str+3:     It affects your strength (+3).
   Dex-4:     It affects your dexterity (-4).
   Fly:       It grants you flight.
 i - the amulet of the Grey Skies (around neck) {Spirit rElec rF++ Str+2}
   (You acquired it on level 5 of the Dungeon)

   [amulet of guardian spirit]

   Spirit:    It causes incoming damage to be divided between your reserves of
   health and magic.
   Str+2:     It affects your strength (+2).
   rF++:      It greatly protects you from fire.
   rElec:     It insulates you from electricity.
 j - a ring of positive energy
 u - an amulet of reflection
 H - an amulet of regeneration
 K - a ring of protection from cold
 S - a ring of poison resistance (left hand)
Wands
 G - a wand of polymorph (11)
 N - a wand of paralysis (33)
 O - a wand of quicksilver (7)
 R - a wand of iceblast (10)
 T - a wand of mindburst (3)
Scrolls
 f - 12 scrolls of teleportation
 m - a scroll of vulnerability
 o - 4 scrolls of fear
 p - 2 scrolls of fog
 r - 3 scrolls of blinking
 s - 2 scrolls of torment
 t - 2 scrolls of summoning
 y - 6 scrolls of enchant armour
 F - a scroll of silence
 Y - 7 scrolls of identify
Potions
 h - 2 potions of mutation
 l - 6 potions of heal wounds
 w - 2 potions of magic
 x - 5 potions of might
 B - 4 potions of haste
 D - 12 potions of enlightenment
 E - 6 potions of berserk rage
 J - 3 potions of invisibility
 M - 3 potions of cancellation
 U - 10 potions of curing
 V - 3 potions of resistance
 W - a potion of ambrosia
Miscellaneous
 g - a box of beasts
 C - a phantom mirror
 Q - a lightning rod (4/4)
 X - a phial of floods
 Z - a tin of tremorstones (2/2)


   Skills:
 + Level 15.2 Fighting
 + Level 4.5 Long Blades
 + Level 16.2 Maces & Flails
 + Level 3.4 Throwing
 + Level 14.5 Armour
 + Level 4.3 Dodging
 + Level 3.0 Stealth
 + Level 18.8 Shields


You had 17 spell levels left.
You didn't know any spells.
Your spell library contained the following spells:

 Spells                   Type           Power      Damage    Failure   Level
 Freeze                   Ice            0%         1d3       97%         1
 Magic Dart               Conj           0%         1d3       97%         1
 Summon Small Mammal      Summ           0%         N/A       97%         1
 Blink                    Tloc           0%         N/A       99%         2
 Ensorcelled Hibernation  Hex/Ice        0%         N/A       99%         2
 Lesser Beckoning         Tloc           0%         N/A       99%         2
 Momentum Strike          Conj/Tloc      0%         3d8       99%         2
 Searing Ray              Conj           0%         2d4       99%         2
 Call Canine Familiar     Summ           0%         N/A       100%        3
 Dazzling Flash           Conj/Hex       0%         N/A       100%        3
 Frozen Ramparts          Ice            0%         1d1       100%        3
 Fugue of the Fallen      Necr           0%         N/A       100%        3
 Hailstorm                Conj/Ice       0%         3d5       100%        3
 Passwall                 Erth           0%         N/A       100%        3
 Sigil of Binding         Hex            0%         N/A       100%        3
 Stone Arrow              Conj/Erth      0%         3d7       100%        3
 Summon Ice Beast         Ice/Summ       0%         N/A       100%        3
 Swiftness                Air            0%         N/A       100%        3
 Volatile Blastmotes      Fire/Tloc      0%         2d10      100%        3
 Anguish                  Hex/Necr       0%         N/A       100%        4
 Animate Armour           Summ/Erth      0%         N/A       100%        4
 Brom's Barrelling Bould  Conj/Erth      0%         2d3       100%        4
 Dimensional Bullseye     Hex/Tloc       0%         N/A       100%        4
 Fulminant Prism          Conj/Alch      0%         3d5       100%        4
 Iskenderun's Mystic Bla  Conj/Tloc      0%         2d3       100%        4
 Leda's Liquefaction      Alch/Erth      0%         N/A       100%        4
 Petrify                  Alch/Erth      0%         N/A       100%        4
 Summon Blazeheart Golem  Fire/Summ      0%         N/A       100%        4
 Vhi's Electric Charge    Tloc/Air       0%         N/A       100%        4
 Arcjolt                  Conj/Air       0%         1d10      100%        5
 Metabolic Englaciation   Hex/Ice        0%         N/A       100%        5
 Bombard                  Conj/Erth      0%         9d1       100%        6
 Plasma Beam              Fire/Air       0%         2x1d10    100%        6
 Starburst                Conj/Fire      0%         6d3       100%        6
 Haunt                    Necr/Summ      0%         N/A       100%        7
 Malign Gateway           Summ/Tloc      0%         N/A       100%        7
 Ozocubu's Refrigeration  Ice            0%         4d7       100%        7
 Borgnjor's Revivificati  Necr           0%         N/A       100%        8
 Lehudib's Crystal Spear  Conj/Erth      0%         10d2      100%        8
 Maxwell's Capacitive Co  Air            0%         ∞         100%        8
 Death's Door             Necr           0%         N/A       100%        9


Dungeon Overview and Level Annotations

Branches:
Dungeon (15/15)            Temple (1/1) D:7            Lair (5/5) D:9
  Swamp (4/4) Lair:3        Snake (4/4) Lair:2        Slime (0/5) Lair:4
    Orc (2/2) D:12            Elf (0/3) Orc:2        Vaults (1/5) D:13
 Depths (0/4) D:15        Ossuary (visited)          Bailey (visited)
  IceCv (visited)         Volcano (visited)

Altars:
Ashenzari
Cheibriados
Dithmenos
Fedhas
Gozag
Hepliaklqana
Kikubaaqudgha
Makhleb
Nemelex Xobeh
Okawaru
Qazlal
Ru
Sif Muna
Trog
Uskayaw
Vehumet
Wu Jian
Xom
Yredelemnul
Jiyva

Shops:
D:12 !   D:15 *   Orc:2 :(*[?[(*   Snake:2 ([=[(   Snake:4 *

Portals:
Trove: D:14 (give 18 potions of curing)


Innate Abilities, Weirdness & Mutations

You have hooves in place of feet.
You have a pair of small horns on your head.
A meltable icy envelope protects you from harm. (AC +0)
A meltable shield of frost defends you. (SH +0)
Spells you cast may paralyse adjacent enemies.
You have a sharp stinger which inflicts weakening toxins.
You are mostly covered in iridescent scales. (AC +4)
Your magical capacity is low. (-10% MP)


Message History

You block the tengu reaver's attack. x2
The tengu reaver claws you but does no damage.
The yaktaur shoots a bolt.
The bolt closely misses you.
The yaktaur shoots a bolt.
The bolt hits you!
You closely miss the tengu reaver.
You kick the tengu reaver, but do no damage.
The tengu reaver is lightly wounded.
The tengu reaver points at you and mumbles some strange words.
The bolt of acid hits you!!! The acid corrodes you!
You thrash the tengu reaver!! You burn the tengu reaver!
You kick the tengu reaver! Your headbutt misses the tengu reaver.
The tengu reaver is heavily wounded.
The yaktaur shoots a bolt.
The bolt hits you but does no damage.
The yaktaur shoots a bolt.
You block the bolt with your +0 kite shield of reflection... and reflect it back!
The bolt barely misses the yaktaur.
Press: ? - help, v - describe, . - travel The floor.
You whack the tengu reaver! You burn the tengu reaver.
The tengu reaver is severely wounded.
The tengu reaver casts a spell at you. The bolt of poison hits you!
You are poisoned.
You resist.
Your skin crawls.
You feel strong-willed.
You feel extremely sick.
The yaktaur shoots a bolt.
You block the bolt with your +0 kite shield of reflection... and reflect it back!
The bolt hits the yaktaur!
The yaktaur shoots a bolt.
The bolt barely misses you.
The tengu reaver hits you with a +2 great sword!!!
* * * LOW HITPOINT WARNING * * *
You block the tengu reaver's attack.
The tengu reaver claws you but does no damage.
You fade into invisibility!
* * * LOW HITPOINT WARNING * * *
You feel very sick.
The yaktaur shoots a bolt.
The bolt hits you!!
You die...

..... . ....... ..
.......# ... .......#
....
.......############.....
..............).).......
................@Q......
........................
..............c....c....
........................
########################


You could see a tengu reaver (strong, repels missiles) and 2 yaktaurs.

Vanquished Creatures
  Vashnia (Snake:3)
  A tentacled monstrosity (Swamp:2)
  A lich (D:13)
  4 thorn hunters
  Donald (Swamp:1)
  A storm dragon (D:12)
  The ghost of OceanMan the Blocker, a journeyman MiFi of Trog (D:13)
  5 nagarajas
  A frost giant (IceCv)
  A vault warden (Vaults:1)
  The ghost of collin38 the Warrior, a journeyman MiBe of Trog (D:12)
  The ghost of collin38 the Warrior, a journeyman MiBe of Trog (D:12)
  Louise (Swamp:2)
  2 ironbound preservers (Vaults:1)
  An orc warlord (Orc:2)
  3 bunyips
  5 eleionomae
  4 dire elephants (Vaults:1)
  The ghost of monsoonserge the Cleaver, a journeyman GnRe of Ru (D:13)
  The ghost of Ycigyrier the Severer, a journeyman HOFi of Beogh (D:12)
  The ghost of Xudgha the Protected, a journeyman MiFi of Okawaru (Lair:2)
  18 hydras
  2 shambling mangroves (Swamp:4)
  Fannar (D:12)
  An ogre mage (D:14)
  3 vault guards
  5 catoblepae
  3 salamander tyrants (Snake:4)
  4 anacondas
  3 ghost crabs
  6 alligators
  5 two-headed ogres
  4 boulder beetles
  Erica (D:11)
  A death knight (D:13)
  7 centaur warriors
  11 death yaks
  A deep troll earth mage (D:15)
  A tengu warrior (D:10)
  Urug (Orc:1)
  4 orc high priests (Orc:2)
  4 shock serpents
  10 naga warriors
  Sonja (Lair:2)
  13 naga sharpshooters
  8 hell knights
  3 deep trolls (Vaults:1)
  A sixfirhy (D:12)
  Lodul (D:11)
  7 salamander mystics
  The ghost of hawkwood the Gusty, a novice DgAr (D:8)
  8 mana vipers
  4 goliath frogs
  The ghost of Sweeb the Thaumaturge, a novice OpCj (D:9)
  9 bog bodies
  4 spriggan druids
  3 arcanists
  A tengu zombie (Vaults:1)
  10 swamp dragons
  2 ironbound convokers (Vaults:1)
  6 naga ritualists (Snake:4)
  3 harpies (Vaults:1)
  2 phantasmal warriors
  4 necromancers
  4 orc sorcerers
  2 deep elf zephyrmancers
  The ghost of Vadun the Photosynthesist, a novice DsGl of Fedhas (D:6)
  6 deep elf pyromancers
  5 orc knights
  5 ugly things
  A tengu skeleton (Vaults:1)
  9 cyclopes
  3 will-o-the-wisps
  An oklob plant (Lair:5)
  2 manticores (Lair:5)
  26 black mambas
  16 salamanders
  3 kobold blastminers
  A vault sentinel (Vaults:1)
  3 molten gargoyles (Volcano)
  3 elephants (Lair:4)
  4 meliai
  8 naga magi
  Joseph (D:7)
  An ice statue (IceCv)
  3 guardian serpents
  4 gargoyles
  7 cane toads
  3 torpor snails
  An unseen horror (D:11)
  6 komodo dragons
  A yaktaur zombie (Vaults:1)
  3 freezing wraiths (D:13)
  2 rime drakes
  An efreet (D:13)
  Maggie (Lair:2)
  3 trolls (D:12)
  2 bloated husks
  13 polar bears
  22 hornets
  Grinder (D:4)
  9 tyrant leeches
  A wolf spider simulacrum (D:15)
  28 blink frogs
  5 raiju (D:12)
  6 dream sheep (Lair:5)
  An elf zombie (Vaults:1)
  18 spriggans
  2 vampires
  3 wraiths
  2 shadows (D:11)
  Eustachio (D:4)
  70 yaks
  6 wyverns
  24 humans
  2 steam dragons
  7 basilisks
  6 vampire mosquitoes
  17 swamp worms
  A glowing shapeshifter zombie (Vaults:1)
  19 nagas
  A naga (shapeshifter) (D:15)
  24 water moccasins
  7 hell hounds (D:10)
  6 black bears
  A sky beast (D:8)
  9 swamp drakes
  44 orc warriors
  An ice beast (D:6)
  35 wolves
  9 boggarts
  17 ogres
  5 centaurs
  2 phantoms
  18 bullfrogs
  3 gnoll sergeants
  A scorpion (shapeshifter) (D:13)
  2 scorpions
  7 wights (D:8)
  Dowan (D:6)
  10 killer bees
  11 electric eels
  4 howler monkeys
  A bullfrog zombie (Ossuary)
  6 jellies
  17 orc priests
  2 hounds
  A gnoll bouda (D:10)
  4 iguanas
  Crazy Yiuf (D:3)
  8 mummies (Ossuary)
  Natasha (twice) (D:4)
  37 orc wizards
  7 hell rats (Lair:5)
  4 crocodile zombies (Ossuary)
  2 howler monkey zombies (Ossuary)
  22 gnolls
  7 adders
  A white imp (D:6)
  3 dart slugs
  2 ribbon worms (D:2)
  91 orcs
  10 ball pythons
  7 endoplasms
  16 giant cockroaches
  12 goblins
  4 hobgoblins
  4 quokkas
  6 ball python zombies (Ossuary)
  8 bats
  4 frilled lizards
  8 kobolds
  10 rats
  A spectral goblin (D:3)
  A butterfly (Lair:5)
1159 creatures vanquished.

Vanquished Creatures (collateral kills)
  A lich (D:13)
  The ghost of Tinen the Brawler, a journeyman TrMo of Wu Jian (D:12)
  A vault guard (Bailey)
  The ghost of Plog the Toxicologist, a journeyman DgAl (D:12)
  A hell knight (D:10)
  Prince Ribbit (Bailey)
  A gnoll bouda (D:8)
  4 gnolls (D:8)
11 creatures vanquished.

Vanquished Creatures (others)
  A nagaraja (Snake:4)
  3 bloated husks
  A swamp worm (Swamp:2)
  A boggart (D:15)
  12 foxfires
18 creatures vanquished.

Grand Total: 1188 creatures vanquished

Notes
Turn   | Place    | Note
-------+----------+-------------------------------------------
     0 | D:1      | thirtiethelement the Demonspawn Berserker began the quest
                  | for the Orb.
     0 | D:1      | Reached XP level 1. HP: 18/18 MP: 1/1
   144 | D:1      | Discovered your monstrous ancestry.
   144 | D:1      | Gained mutation: You have a pair of small horns on your
                  | head. [demonic ancestry]
   144 | D:1      | Reached XP level 2. HP: 24/24 MP: 2/2
   859 | D:1      | Reached ** piety under Trog
   948 | D:2      | Gained mutation: You have a small tail. [demonic ancestry]
   948 | D:2      | Reached XP level 3. HP: 29/29 MP: 3/3
  1222 | D:2      | Gained mutation: You have large cloven feet. [demonic
                  | ancestry]
  1222 | D:2      | Reached XP level 4. HP: 25/35 MP: 4/4
  1729 | D:2      | Reached XP level 5. HP: 37/42 MP: 5/5
  1920 | D:3      | Reached *** piety under Trog
  1980 | D:3      | Identified the +5 flail "No More Talking" {flame, Fly rElec
                  | Will- Int+4}
  2090 | D:3      | Reached skill level 1 in Maces & Flails
  2215 | D:3      | Found a faded altar of an unknown god.
  2316 | D:3      | You are sucked into a shaft and drop 2 floors!
  2316 | D:5      | Entered Level 5 of the Dungeon
  2338 | D:5      | Noticed a black bear
  2340 | D:5      | Noticed a black bear
  2345 | D:5      | Killed a black bear
  2346 | D:5      | Reached skill level 1 in Shields
  2346 | D:5      | Reached XP level 6. HP: 48/48 MP: 6/6
  2436 | D:5      | Found a sand-covered staircase.
  2441 | Ossuary  | Entered an ossuary
  2495 | Ossuary  | Reached XP level 7. HP: 34/54 MP: 7/7
  2640 | Ossuary  | Reached **** piety under Trog
  2921 | D:5      | Reached skill level 2 in Shields
  2978 | D:5      | Identified a scroll of acquirement
  2978 | D:5      | Acquired the amulet of the Grey Skies {Spirit rElec rF++
                  | Str+2}
  3050 | D:5      | Gained mutation: You have hoof-like feet. [demonic
                  | ancestry]
  3050 | D:5      | Reached XP level 8. HP: 58/61 MP: 5/8
  3183 | D:5      | Reached skill level 5 in Maces & Flails
  3455 | D:4      | Noticed Grinder
  3455 | D:4      | Paralysed by Grinder for 5 turns
  3464 | D:4      | Killed Grinder
  3708 | D:4      | Noticed Eustachio
  3716 | D:4      | Killed Eustachio
  3717 | D:4      | Reached skill level 5 in Fighting
  3902 | D:4      | Noticed Natasha
  3904 | D:4      | Killed Natasha
  4109 | D:4      | Found a stormy altar of Qazlal.
  4109 | D:4      | Found a blossoming altar of Fedhas.
  4109 | D:4      | Found an ornate altar of the Wu Jian Council.
  4132 | D:4      | Reached skill level 1 in Stealth
  4140 | D:4      | Noticed Natasha
  4144 | D:4      | Killed Natasha
  4206 | D:3      | Found a sacrificial altar of Ru.
  4580 | D:3      | Found a runed translucent door.
  4581 | D:3      | Noticed Crazy Yiuf
  4586 | D:3      | Killed Crazy Yiuf
  4648 | D:5      | Reached skill level 3 in Shields
  4774 | D:6      | Gained mutation: You have a tail ending in a sharp stinger.
                  | [demonic ancestry]
  4774 | D:6      | Reached XP level 9. HP: 68/68 MP: 9/9
  4774 | D:6      | Identified the storm talisman of the Zebra {Dex+2 SInv}
  4825 | D:6      | Found a runed translucent door.
  4836 | D:6      | Noticed Vadun's ghost (novice DsGl)
  5013 | D:6      | Reached skill level 5 in Armour
  5132 | D:6      | Identified the +1 leather armour of Snakes and Ladders
                  | {Dex+7 Stlth+}
  5177 | D:6      | Noticed Dowan
  5181 | D:6      | Killed Dowan
  5478 | D:6      | Killed Vadun's ghost
  5579 | D:7      | Noticed Joseph
  5588 | D:7      | Killed Joseph
  5591 | D:7      | Reached skill level 4 in Shields
  5647 | D:7      | Found a radiant altar of Vehumet.
  5757 | D:7      | Found a staircase to the Ecumenical Temple.
  5793 | Temple   | Entered the Ecumenical Temple
  5863 | D:7      | Found a sparkling altar of Nemelex Xobeh.
  5984 | D:7      | Reached ***** piety under Trog
  6498 | D:8      | Found a large runed translucent door.
  6500 | D:8      | Found a large runed translucent door.
  6502 | D:8      | Noticed hawkwood's ghost (novice DgAr)
  6522 | D:8      | Noticed a lightning spire
  6527 | D:8      | Killed hawkwood's ghost
  6528 | D:8      | Reached XP level 10. HP: 32/77 MP: 9/10
  6782 | D:8      | Reached skill level 5 in Shields
  7286 | D:8      | Found a broken altar of Ashenzari.
  7546 | D:9      | Found a runed translucent door.
  7551 | D:9      | Noticed Sweeb's ghost (novice OpCj)
  7842 | D:9      | Found a flagged portal.
  7853 | Bailey   | Entered a bailey
  7904 | Bailey   | Reached skill level 6 in Shields
  7957 | Bailey   | Reached skill level 10 in Maces & Flails
  7957 | Bailey   | Gained mutation: A meltable shield of frost defends you.
                  | (SH +0) [demonic ancestry]
  7957 | Bailey   | Reached XP level 11. HP: 75/84 MP: 11/11
  8023 | Bailey   | Noticed a vault guard
  8023 | Bailey   | Noticed Prince Ribbit
  8030 | Bailey   | Killed Prince Ribbit
  8033 | Bailey   | Killed a vault guard
  8070 | Bailey   | Noticed a vault guard
  8086 | Bailey   | Killed a vault guard
  8266 | D:9      | Found a staircase to the Lair.
  8355 | D:9      | Found a shimmering altar of Xom.
  8511 | D:9      | Killed Sweeb's ghost
  8587 | D:10     | Entered Level 10 of the Dungeon
  8983 | D:10     | Reached skill level 7 in Shields
  8991 | D:10     | Received a gift from Trog
  9192 | D:10     | Noticed a tengu warrior
  9206 | D:10     | Killed a tengu warrior
  9688 | D:10     | Noticed a hell knight
  9698 | D:10     | Killed a hell knight
  9729 | D:10     | Noticed a hell knight
  9737 | D:10     | Killed a hell knight
  9740 | D:10     | Noticed a hell knight
  9740 | D:10     | Noticed a hell knight
  9743 | D:10     | Noticed a hell knight
  9882 | D:10     | Noticed a hell knight
  9885 | D:10     | Noticed a hell knight
  9885 | D:10     | Noticed a necromancer
 10137 | D:10     | Killed a necromancer
 10138 | D:10     | Reached XP level 12. HP: 68/94 MP: 10/12
 10141 | D:10     | Reached skill level 1 in Throwing
 10677 | D:10     | Reached skill level 8 in Shields
 11291 | D:11     | Noticed Lodul
 11309 | D:11     | Killed Lodul
 11546 | D:11     | Found a stormy altar of Qazlal.
 11721 | D:11     | Noticed Erica
 11745 | D:11     | HP: 2/94 [something/bolt of poison (13)]
 12018 | Lair:1   | Entered Level 1 of the Lair of Beasts
 12244 | Lair:1   | Found a dark tunnel.
 12253 | Volcano  | Entered a volcano
 12269 | Volcano  | Reached skill level 9 in Shields
 12558 | Volcano  | Noticed an orb of fire
 12614 | Volcano  | Noticed an orb of fire
 12805 | Volcano  | Gained mutation: You have hooves in place of feet. [demonic
                  | ancestry]
 12805 | Volcano  | Reached XP level 13. HP: 54/101 MP: 12/13
 13502 | Lair:1   | Paralysed by a hornet for 1 turns
 13923 | Lair:2   | Found a runed translucent door.
 14389 | Lair:2   | Reached skill level 10 in Shields
 14486 | Lair:2   | Found a staircase to the Snake Pit.
 14791 | Lair:2   | Noticed Maggie
 14798 | Lair:2   | Killed Maggie
 14802 | Lair:2   | Identified the +1 ring mail "Kawnob" {rElec rPois Str-4
                  | SInv}
 14950 | Lair:2   | Noticed Xudgha's ghost (journeyman MiFi)
 14972 | Lair:2   | Killed Xudgha's ghost
 15165 | Lair:2   | Noticed Sonja
 15176 | Lair:2   | Killed Sonja
 15535 | Lair:3   | Identified the +7 flail of Bankruptcy {flame, rPois Will-
                  | Str+4 Dex+3} (Trog gifted it to you on level 3 of the Lair
                  | of Beasts)
 15535 | Lair:3   | Received a gift from Trog
 15768 | Lair:3   | Found a staircase to the Swamp.
 15831 | Lair:3   | Reached skill level 10 in Armour
 15894 | Lair:3   | Reached skill level 10 in Fighting
 16036 | Lair:3   | Acquired the +0 pair of gloves of Haatune {MP+9 Dex+3}
 17182 | Lair:4   | Reached skill level 11 in Shields
 17245 | Lair:4   | Gained mutation: You have a sharp stinger which inflicts
                  | weakening toxins. [demonic ancestry]
 17245 | Lair:4   | Reached XP level 14. HP: 93/110 MP: 14/14
 17731 | Lair:4   | Found a viscous altar of Jiyva.
 17731 | Lair:4   | Found a staircase to the Slime Pits.
 17945 | Lair:5   | Entered Level 5 of the Lair of Beasts
 18603 | Lair:5   | Reached skill level 12 in Shields
 18668 | Lair:5   | Received a gift from Trog
 20209 | D:11     | Killed Erica
 20482 | D:12     | Found a staircase to the Orcish Mines.
 20508 | D:12     | Found a frozen archway.
 20517 | IceCv    | Entered an ice cave
 20924 | IceCv    | Noticed a frost giant
 20944 | IceCv    | Killed a frost giant
 20945 | IceCv    | Reached skill level 13 in Shields
 20959 | IceCv    | Got the Compendium of the Icicle
 21109 | IceCv    | Gained mutation: Spells you cast may paralyse adjacent
                  | enemies. [demonic ancestry]
 21109 | IceCv    | Reached XP level 15. HP: 119/119 MP: 15/15
 21246 | IceCv    | Received a gift from Trog
 21507 | D:12     | Noticed Fannar
 21517 | D:12     | Killed Fannar
 21670 | D:12     | Found a runed translucent gate.
 21671 | D:12     | Found a runed translucent gate.
 21671 | D:12     | Noticed Plog's ghost (journeyman DgAl)
 21672 | D:12     | Found a runed translucent gate.
 21672 | D:12     | Noticed Ycigyrier's ghost (journeyman HOFi)
 21672 | D:12     | Noticed collin38's ghost (journeyman MiBe)
 21672 | D:12     | Noticed Tinen's ghost (journeyman TrMo)
 21672 | D:12     | Noticed collin38's ghost (journeyman MiBe)
 21684 | D:12     | Killed Tinen's ghost
 21689 | D:12     | Killed Plog's ghost
 22438 | D:12     | Killed collin38's ghost
 22531 | D:12     | Killed Ycigyrier's ghost
 22748 | D:12     | Killed collin38's ghost
 22857 | D:12     | Found Duxuphin's Distillery.
 22876 | D:12     | Bought a potion of might for 68 gold pieces
 22876 | D:12     | Bought a potion of mutation for 136 gold pieces
 22876 | D:12     | Bought a potion of curing for 51 gold pieces
 22876 | D:12     | Bought a potion of berserk rage for 85 gold pieces
 22876 | D:12     | Bought a potion of curing for 51 gold pieces
 22877 | D:12     | Gained mutation: You are somewhat resistant to further
                  | mutation. [potion of mutation]
 22878 | D:12     | Lost mutation: You are somewhat resistant to further
                  | mutation. [potion of mutation]
 22878 | D:12     | Gained mutation: You are weak. (Str -2) [potion of
                  | mutation]
 22879 | D:12     | Lost mutation: You are weak. (Str -2) [potion of mutation]
 22879 | D:12     | Gained mutation: Your body sometimes deteriorates upon
                  | taking damage. [potion of mutation]
 22879 | D:12     | Gained mutation: Your spells are a little harder to cast,
                  | but a little more powerful. [potion of mutation]
 22879 | D:12     | Gained mutation: You are agile. (Dex +4, Str/Int -1)
                  | [potion of mutation]
 22880 | D:12     | Lost mutation: Your body sometimes deteriorates upon taking
                  | damage. [potion of mutation]
 22880 | D:12     | Lost mutation: You are agile. (Dex +4, Str/Int -1) [potion
                  | of mutation]
 22880 | D:12     | Lost mutation: Your spells are a little harder to cast, but
                  | a little more powerful. [potion of mutation]
 22905 | D:12     | Identified the +3 leather armour of Hopscotch {rC+ Str+3
                  | Dex-3}
 22917 | D:12     | Identified the +1 pair of boots of the Jabberwock {Regen+
                  | Str+6 Dex-4}
 23283 | D:12     | Found a runed translucent door.
 23285 | D:12     | Noticed a storm dragon
 23359 | D:12     | Killed a storm dragon
 23469 | D:13     | Reached skill level 14 in Shields
 23554 | D:13     | Found a gate to the Vaults.
 23913 | D:13     | Received a gift from Trog
 24423 | D:13     | Found a runed translucent gate.
 24423 | D:13     | Found a runed translucent gate.
 24423 | D:13     | Found a runed translucent gate.
 24425 | D:13     | Found an ancient bone altar of Kikubaaqudgha.
 24426 | D:13     | Noticed a lich
 24426 | D:13     | Noticed a lich
 24426 | D:13     | Noticed monsoonserge's ghost (journeyman GnRe)
 24426 | D:13     | Noticed a lich
 24426 | D:13     | Noticed OceanMan's ghost (journeyman MiFi)
 24441 | D:13     | Killed a lich
 24545 | D:13     | Killed a lich
 24578 | D:13     | Killed monsoonserge's ghost
 24674 | D:13     | Identified the ring "Vurum" {Fly Str+3 Dex-4}
 24693 | D:13     | Identified the +2 helmet of Hairiness {Rampage}
 24757 | D:13     | Killed OceanMan's ghost
 24882 | D:14     | Found a portal to a secret trove of treasure.
 24897 | D:14     | Identified the +0 ring mail "Lozxucut" {rF++}
 25033 | D:14     | Gained mutation: A meltable icy envelope protects you from
                  | harm. (AC +0) [demonic ancestry]
 25033 | D:14     | Reached XP level 16. HP: 127/127 MP: 16/16
 25082 | D:14     | Reached skill level 15 in Shields
 25500 | D:15     | Entered Level 15 of the Dungeon
 25877 | D:15     | Found an ornate altar of the Wu Jian Council.
 25910 | D:15     | Found Xydiferi's General Store.
 25918 | D:15     | Bought a potion of resistance for 140 gold pieces
 25971 | D:15     | Found a hazy altar of Hepliaklqana.
 26064 | D:15     | Found a staircase to the Depths.
 26191 | Orc:1    | Entered Level 1 of the Orcish Mines
 26404 | Orc:1    | Noticed Urug
 26414 | Orc:1    | Killed Urug
 26714 | Orc:2    | Entered Level 2 of the Orcish Mines
 26714 | Orc:2    | Found Cexy's Weapon Shoppe.
 26719 | Orc:2    | Found Jenyemmap's General Store.
 26768 | Orc:2    | Found Mateq's Armour Boutique.
 26779 | Orc:2    | Found Tamocrey's Book Shop.
 26785 | Orc:2    | Bought the +7 plate armour of Ykhlich {Rampage rF++ rC-
                  | Slay+4} for 1199 gold pieces
 26816 | Orc:2    | Found Weilorro's Magic Scroll Shop.
 27024 | Orc:2    | Received a gift from Trog
 27769 | Orc:2    | Bought a scroll of identify for 26 gold pieces
 27865 | Orc:2    | Found Dacuvaax's Antique Armour Boutique.
 27866 | Orc:2    | Found Oshyivei's Antique Weapon Boutique.
 27868 | Orc:2    | Found Ottem's General Store.
 27868 | Orc:2    | Found Nuroupich's Book Shop.
 27884 | Orc:2    | Bought a faintly glowing broad axe for 270 gold pieces
 27884 | Orc:2    | Identified the +6 broad axe of Armageddon {heavy, *Corrode
                  | Fly rF+ MP+9} (You bought it in a shop on level 2 of the
                  | Orcish Mines)
 27885 | Orc:2    | Bought a glowing tower shield for 225 gold pieces
 28016 | Orc:2    | Found a staircase to the Elven Halls.
 28320 | Swamp:1  | Entered Level 1 of the Swamp
 28369 | Swamp:1  | Reached ****** piety under Trog
 28395 | Swamp:1  | Reached skill level 16 in Shields
 28443 | Swamp:1  | Noticed Donald
 28451 | Swamp:1  | Killed Donald
 28582 | Swamp:1  | Received a gift from Trog
 29092 | Swamp:2  | Noticed Louise
 29239 | Swamp:2  | Killed Louise
 29334 | Swamp:2  | Noticed a tentacled monstrosity
 29357 | Swamp:2  | Killed a tentacled monstrosity
 30047 | Swamp:3  | Noticed a thorn hunter
 30059 | Swamp:3  | Killed a thorn hunter
 30060 | Swamp:3  | Reached skill level 15 in Maces & Flails
 30276 | Swamp:3  | Reached XP level 17. HP: 137/137 MP: 17/17
 30279 | Swamp:3  | Identified the +0 pair of gloves "Niotuc" {Regen+ Dex+2}
 30315 | Swamp:3  | Gained mutation: You possess an exceptional clarity of
                  | mind. [potion of mutation]
 30315 | Swamp:3  | Gained mutation: You have hidden genetic defects. [potion
                  | of mutation]
 30315 | Swamp:3  | Gained mutation: Your muscles are strong. (Str +4, Int/Dex
                  | -1) [potion of mutation]
 30756 | Swamp:4  | Entered Level 4 of the Swamp
 30925 | Swamp:4  | Gained mutation: You are occasionally teleported next to
                  | monsters. [hidden defects]
 31069 | Swamp:4  | Reached skill level 17 in Shields
 31205 | Swamp:4  | Gained mutation: Your magical capacity is low. (-10% MP)
                  | [hidden defects]
 31205 | Swamp:4  | Lost mutation: You have hidden genetic defects. [hidden
                  | defects expressed]
 31231 | Swamp:4  | Received a gift from Trog
 31455 | Swamp:4  | Got a decaying rune of Zot
 31729 | Swamp:4  | Upgraded the game from 0.31.0-7-gf635a9b802 to
                  | 0.31.0-9-g3a7656b989
 32298 | Snake:1  | Entered Level 1 of the Snake Pit
 32363 | Snake:1  | You fall into a shaft and drop 1 floor!
 33684 | Snake:2  | Found Baywuij's Antique Armour Emporium.
 33684 | Snake:2  | Found Geot's Jewellery Shoppe.
 33685 | Snake:2  | Found Xoucrah's Antique Weapon Emporium.
 33687 | Snake:2  | Found Ititwif's Antique Armour Shoppe.
 33711 | Snake:2  | Bought an embroidered hat for 210 gold pieces
 34150 | Snake:2  | Found Fuotuga's Antique Weapon Emporium.
 34290 | Snake:3  | Noticed Vashnia
 34292 | Snake:3  | Found a broken altar of Ashenzari.
 34319 | Snake:3  | Killed Vashnia
 34320 | Snake:3  | Reached XP level 18. HP: 80/146 MP: 7/16
 34395 | Snake:2  | Lost mutation: Your muscles are strong. (Str +4, Int/Dex
                  | -1) [potion of mutation]
 34395 | Snake:2  | Lost mutation: You possess an exceptional clarity of mind.
                  | [potion of mutation]
 34395 | Snake:2  | Lost mutation: You are occasionally teleported next to
                  | monsters. [potion of mutation]
 34395 | Snake:2  | Gained mutation: You are partially covered in iridescent
                  | scales. (AC +2) [potion of mutation]
 34395 | Snake:2  | Gained mutation: You are mostly covered in iridescent
                  | scales. (AC +4) [potion of mutation]
 34574 | Snake:3  | Got the Anthology of Moving Geology
 35067 | Snake:4  | Entered Level 4 of the Snake Pit
 35067 | Snake:4  | Found Myifaf's Merry Market.
 35110 | Snake:4  | Received a gift from Trog
 35364 | Snake:4  | Reached skill level 18 in Shields
 35716 | Snake:4  | Bought a manual of Maces & Flails for 1120 gold pieces
 36145 | Snake:4  | Received a gift from Trog
 36352 | Snake:4  | Got a serpentine rune of Zot
 36392 | Snake:4  | Reached skill level 15 in Fighting
 36676 | Vaults:1 | Entered Level 1 of the Vaults
 37222 | Vaults:1 | Shot with a bolt by a yaktaur

Illustrated notes

Levels and vault maps discovered:
D:1:      lemuel_arrival_funnel, layout_basic, minmay_statues_item,
          minmay_split_cup_small
D:2:      minmay_diamond_boxcup, layout_loops_ring, minmay_increasing_density
D:3:      minmay_roachtagon, layout_basic, lemuel_doored_altar,
          dreamdust_ecumenical_altar_drowned_temple, minivault_26,
          uniq_crazy_yiuf_cottage
D:4:      layout_loops_ring, chequers_temple_overflow_statue_of_worship,
          uniq_grinder, uniq_natasha, uniq_eustachio
D:5:      layout_rooms, enter_ossuary_2
D:6:      layout_loops_ring, gammafunk_ghost_grave, corexii_checkpoint,
          uniq_duvessa
D:7:      layout_loops_ring, fiery_altar_vehumet,
          nemelex_xobeh_ov_fountains_minmay, elyvilon_altar_5, temple_doors_cd,
          uniq_joseph
D:8:      layout_cave_pods, cheibrodos_ashenzari_chains,
          ebering_ghost_disaster_area, kennysheep_generic_room_8
D:9:      layout_long_grid, kennysheep_little_box, lair_entry_dummy,
          enter_bailey_3, ebering_ghost_reflecting_pool
D:10:     minmay_recursive_quarters, layout_basic, minmay_rotating_lava
D:11:     layout_loops_ring, nicolae_qazlal_scattered_showers, uniq_lodul,
          uniq_erica
D:12:     minmay_shoctagon, layout_gridville, minmay_orc_entry_temple_small,
          serial_shops, shop_coins, portal_ice_cave_entry_pillars_1,
          special_room [special_room_orc], gammafunk_ghost_cemetery,
          minmay_hidden_floor, uniq_fannar
D:13:     layout_rooms, grunt_vaults_entry_tiered, gammafunk_ghost_crypt,
          serial_glass, glass_columns_c, glass_columns_a, nicolae_tricolors
D:14:     layout_basic, kennysheep_nondescript, nicolae_trove_entry_free_sample,
          eino_jars
D:15:     hellmonk_depths_entry_around_the_bend, layout_cross, serial_shops,
          shop, nicolae_hepliaklqana_hazy_memory, nzn_wu_jian_contemplation
Temple:   hellmonk_temple_forest_ring
Lair:1:   layout_small_grid, nicolae_volcano_entry_lava_flow,
          chequers_serial_rivers_room_a, pdpol_lair_cavern_descent
Lair:2:   layout_regular_city, minmay_snake_entry_six_corridors,
          ebering_ghost_reflecting_pool, uniq_maggie, uniq_sonja
Lair:3:   layout_cave_pods, palyth_hydra_swamp_entry, grunt_megastairs_4
Lair:4:   layout_small_grid, slime_entry_1, infiniplex_staircase_pool_2,
          grunt_megastairs_2
Lair:5:   evilmike_catoblepas_cave, layout_regular_city, hellmonk_talismancer,
          serial_bayou_shore_b, lemuel_fruit_fields
Swamp:1:  layout_basic_swamp, evilmike_swamp_ruin_house_5, uniq_donald
Swamp:2:  layout_basic_swamp, nicolae_swamp_bean_lake,
          nicolae_swamp_tree_designs, nicolae_swamp_super_fun_site, uniq_louise
Swamp:3:  layout_basic_swamp, evilmike_swamp_ruin_rubble_1, swamp_pool_1_2
Swamp:4:  swamp_basic_johnstein, layout_basic_swamp,
          nicolae_swamp_very_dense_foliage, swamp_pool_1_2
Snake:1:  layout_chambers
Snake:2:  layout_cave_pods, serial_shops, nicolae_shop_overgrown_old_shop,
          nicolae_snake_slithery_hallway, grunt_ministairs_2,
          nicolae_snake_salamander_stairs, minmay_shoptagon
Snake:3:  layout_cave_shapes, st_stairs_12, hangedman_feature_mirror,
          uniq_vashnia
Snake:4:  johnstein_snake_rune_scales, layout_cave_town, nicolae_alphabet_shops,
          grunt_ministairs_5, lemuel_fruit_tree
Orc:1:    layout_caves, basic_altar, uniq_urug
Orc:2:    st_orc_congregation, layout_caves, serial_shops, shop,
          nicolae_shop_crystal, nicolae_shop_advertising_works
          [nicolae_subvault_shop_adworks], nicolae_shop_tiny_statue_garden,
          shop, basic_altar
Vaults:1: nicolae_vaults_little_squares_1, vaults_dpeg_hooks,
          nicolae_vaults_mush_room, nicolae_vaults_offset_grid_hallway_4,
          nicolae_vaults_apartment_2, vaults_room_fours,
          nicolae_vaults_windows_and_doors_thing, nicolae_vaults_diamond_1,
          vaults_mumra_chevron_long, layout_vaults_omnigrid, serial_shops,
          nicolae_shop_just_a_little_nook

Skill      XL: |  1  2  3  4  5  6  7  8  9 10 11 12 13 14 15 16 17 18 |
---------------+-------------------------------------------------------+-----
Long Blades    | 3 4 |  4.5
Dodging        | 2 3 4 |  4.3
Armour         | 2 3 4 6 8 9 10 11 12 13 14 | 14.5
Maces & Flails | 2 3 4 6 8 10 11 12 13 14 15 16 | 16.2
Shields        | 1 2 3 4 6 7 9 11 13 14 16 17 18 | 18.8
Fighting       | 4 5 6 7 8 9 10 11 12 13 14 15 | 15.2
Stealth        | 1 2 3 |  3.0
Throwing       | 2 3 |  3.4

Action                     |  1- 3 |  4- 6 |  7- 9 | 10-12 | 13-15 | 16-18 || total
---------------------------+-------+-------+-------+-------+-------+-------++-------
  Melee: Falchion          |   102 |    44 |       |       |       |       ||   146
         Headbutt          |    13 |    14 |    33 |   123 |   359 |   359 ||   901
         Tailslap          |     6 |     9 |    30 |    83 |   249 |   245 ||   622
         Kick              |       |    18 |    57 |   196 |   550 |   574 ||  1395
         Flail             |       |    48 |   210 |   582 |  1421 |   834 ||  3095
         Demon whip        |       |       |       |       |       |   500 ||   500
  Throw: Dart              |       |       |       |    22 |     3 |       ||    25
         Boomerang         |       |       |       |     5 |     2 |    13 ||    20
 Invoke: Berserk           |       |     4 |     4 |    13 |    13 |     5 ||    39
         Trog's Hand       |       |     1 |       |     6 |     8 |     9 ||    24
         Brothers in Arms  |       |       |     1 |     3 |     2 |       ||     6
    Use: Scroll            |       |       |    14 |     5 |    13 |    15 ||    47
         Potion            |       |       |       |     6 |     4 |     3 ||    13
   Stab: Distracted        |       |       |       |       |       |     1 ||     1
 Armour: Animal skin       |    17 |       |       |       |       |       ||    17
         Plate armour      |    60 |   122 |   133 |   490 |   474 |   834 ||  2113
         Chain mail        |       |       |       |    17 |    15 |       ||    32
         Skin              |       |       |       |       |     1 |       ||     1
         Crystal plate arm |       |       |       |       |   308 |   194 ||   502
  Dodge: Dodged            |    38 |    20 |    21 |   114 |   146 |   280 ||   619
  Block: Tower shield      |       |    60 |   126 |   527 |  1683 |   515 ||  2911
         Kite shield       |       |       |       |       |       |   767 ||   767
         Reflection        |       |       |       |       |       |    60 ||    60
